 Seeded DCSS version 0.30.0-18-gc0e69614cb (webtiles) character file.

Game seed: 6351066067085065685 (custom seed)

157 Esekla the Grave Robber (level 5, -1/28 HPs)
             Began as a Deep Elf Necromancer on May 25, 2023.
             Slain by a gnoll
             ... wielding a +0 spear
             ... led by a gnoll bouda
              (3 damage)
             ... on level 4 of the Dungeon.
             The game lasted 00:06:22 (1038 turns).

Esekla the Grave Robber (Deep Elf Necromancer)      Turns: 1038, Time: 00:06:23

Health: -1/28      AC:  2    Str:  5    XL:     5   Next: 15%
Magic:  12/12      EV: 13    Int: 22    God:
Gold:   80         SH:  0    Dex: 15    Spells: 7/11 levels left

rFire   . . .        c - +2 dagger (vamp)
rCold   . . .        (no shield)
rNeg    . . .        a - +0 robe
rPois   .            (no helmet)
rElec   .            (no cloak)
rCorr   .            (no gloves)
SInv    .            (no boots)
Will    .....        j - amulet of magic regeneration
Stlth   ++           (no ring)
HPRegen 0.24/turn    (no ring)
MPRegen 0.53/turn

%: no passive effects
@: no status effects
A: no striking features
a: no special abilities


You were on level 4 of the Dungeon.
You visited 1 branch of the dungeon, and saw 5 of its levels.

You collected 80 gold pieces.

Inventory:

Hand Weapons
 c - a +2 vampiric dagger (weapon)
Armour
 a - a +0 robe (worn)
Jewellery
 j - an amulet of magic regeneration (around neck)
Scrolls
 e - a scroll of fear {unknown}
 f - a scroll of identify {unknown}
Potions
 b - a potion of magic
 d - a potion of ambrosia {unknown}
 g - a potion of attraction {unknown}
 h - a potion of heal wounds {unknown}
 i - a potion of haste {unknown}
 k - a potion of lignification {unknown}
 m - a potion of brilliance {unknown}
 n - a potion of curing {unknown}


   Skills:
 + Level 0.3 Fighting
 + Level 1.1 Short Blades
 * Level 4.0 Dodging
 + Level 3.4 Stealth
 * Level 3.9 Spellcasting
 + Level 5.9 Necromancy


You had 7 spell levels left.
You knew the following spells:

 Your Spells              Type           Power      Damage    Failure   Level
b - Vampiric Draining     Necr           30%        2d8       3%          3
d - Necrotise             Necr           100%       1d9       1%          1

Your spell library contained the following spells:

 Spells                   Type           Power      Damage    Failure   Level
 Animate Dead             Necr           30%        N/A       10%         4
 Agony                    Necr           30%        N/A       28%         5
 Spider Form              Tmut/Pois      4%         N/A       34%         3
 Cause Fear               Hex            2%         N/A       75%         4
 Summon Mana Viper        Hex/Summ       4%         N/A       97%         5


Dungeon Overview and Level Annotations

Branches:
Dungeon (5/15)
 Temple: D:4-7

Altars:
Dithmenos


Message History

A gnoll comes into view. It is wielding a +0 club.
The gnoll shouts!
A gnoll bouda comes into view. It is wielding a +0 club.
A gnoll comes into view. It is wielding a +0 spear.
The gnoll shouts!
You hear a shout!
A gnoll comes into view. It is wielding a +0 flail.
The gnoll shouts!
A gnoll comes into view. It is wielding a +0 halberd.
There is a broken door here.
The gnoll bouda gazes fiercely through you!
You feel your attacks grow feeble.
A gnoll comes into view. It is wielding a +0 spear. x2
The gnoll bouda barks out a call to the hunt!
The gnolls pick up the pace!
The gnoll shouts!
The gnoll throws a throwing net.
The throwing net hits you.
You become entangled in the net!
You see here a throwing net.
You struggle against the net.
The gnoll barely misses you.
The gnoll hits you from afar with a +0 spear.
You struggle against the net.
The gnoll shouts!
You hear a shout!
The gnoll bouda barks out a call to the hunt!
The gnoll picks up the pace!
The gnoll hits you from afar with a +0 spear. x2
You struggle against the net.
Your attacks no longer feel as feeble.
The gnoll hits you from afar with a +0 spear.
A gnoll comes into view. It is wielding a +0 club.
The gnoll bouda barely misses you. The gnoll barely misses you.
The gnoll completely misses you.
You shred the net and break free! The gnoll barely misses you.
The gnoll bouda closely misses you. The gnoll closely misses you. x2
Okay, then.
As you read the scroll labelled YPUTHR QOIWIAHUTHE, it crumbles to dust.
You feel aware of your surroundings.
You sensed 4 altars, and 1 shop/portal.
It was a scroll of magic mapping.
The gnoll hits you with a +0 flail!
* * * LOW HITPOINT WARNING * * *
The gnoll hits you from afar with a +0 spear.
You die...

#.# #g# #.# #.# #.#
#.### #####'###...#
#........##.# *
#........##.######
#..g.....##.##....
#..g........##....
*#@g.........##....
#..gg........##....
#..gg........##....
#.............#....
#..........)..####'
#...........>....Z.
#.####..g.....####.
#.,,,.........####.
*,,,,...........Z..


You could see a gnoll bouda and 7 gnolls.

Vanquished Creatures
  2 scorpions (D:5)
  A gnoll (D:4)
  An adder (D:5)
  A dart slug (D:4)
  3 orcs (D:5)
  3 ball pythons (D:1)
  2 bats
  An endoplasm (D:3)
  2 goblins (D:1)
  A frilled lizard (D:1)
  2 kobolds (D:1)
19 creatures vanquished.

Notes
Turn   | Place    | Note
-------+----------+-------------------------------------------
     0 | D:1      | Esekla the Deep Elf Necromancer began the quest for the
                  | Orb.
     0 | D:1      | Reached XP level 1. HP: 10/10 MP: 6/6
    66 | D:1      | Reached skill level 5 in Necromancy
   197 | D:1      | Reached XP level 2. HP: 15/15 MP: 8/8
   352 | D:4      | You fall into a shaft and drop 1 floor!
   352 | D:5      | Entered Level 5 of the Dungeon
   547 | D:5      | Got the Parchment of the Lumpy Olives
   557 | D:5      | Found a shadowy altar of Dithmenos.
   651 | D:5      | Noticed a scorpion
   717 | D:5      | Reached XP level 3. HP: 10/19 MP: 9/9
   721 | D:5      | Learned a level 3 spell: Vampiric Draining
   771 | D:5      | Killed a scorpion
   772 | D:5      | Reached XP level 4. HP: 20/24 MP: 8/11
   803 | D:5      | Noticed a scorpion
   810 | D:5      | Killed a scorpion
   811 | D:5      | Reached skill level 1 in Short Blades
   811 | D:5      | Reached XP level 5. HP: 8/28 MP: 9/12
  1038 | D:4      | Slain by a gnoll

Illustrated notes

Levels and vault maps discovered:
D:1:      sevenhm_arrival_forest_fort_small_3, layout_rooms,
          chequers_serial_rivers_room_b, minmay_misc_feat_five
D:2:      layout_loops_ring, dreamdust_ecumenical_altar_angels_and_demons,
          serial_shops, shop
D:3:      layout_basic, grunt_temple_overflow_open, minmay_misc_feat_iff
D:4:      layout_basic, nicolae_overflow_quartered_altars, serial_shops,
          nicolae_diamond_shop
D:5:      layout_loops_ring, lemuel_doored_altar, minmay_misc_feat_rows,
          dreamdust_wishing_well

Skill      XL: |  1  2  3  4  5 |
---------------+----------------+-----
Necromancy     | 5 |  5.9
Dodging        | 3 4 |  4.0
Stealth        | 3 |  3.4
Short Blades   | 1 |  1.1
Fighting       | |  0.3
Spellcasting   | |  3.9

Action                     |  1- 3 |  4- 6 || total
---------------------------+-------+-------++-------
  Melee: Unarmed           |    10 |       ||    10
         Short sword       |     8 |       ||     8
         Dagger            |    37 |     5 ||    42
   Cast: Necrotise         |     1 |     5 ||     6
    Use: Scroll            |       |     1 ||     1
   Stab: Sleeping          |     4 |     2 ||     6
 Armour: Robe              |     5 |     1 ||     6
  Dodge: Dodged            |    33 |    12 ||    45
